 Dungeon Crawl Stone Soup version 0.29.1-12-g30fa7ad0bf (webtiles) character file.

Game seed: 446566649594956284

254 hawla the Firebug (level 6, -1/45 HPs)
             Began as a Meteoran Fire Elementalist on Jan 14, 2023.
             Slain by Grinder (2 damage)
             ... on level 5 of the Dungeon.
             The game lasted 00:05:25 (892 turns).

hawla the Firebug (Meteoran Fire Elementalist)       Turns: 892, Time: 00:05:26

Health: -1/45      AC:  2    Str: 10    XL:     6   Next: 65%
Magic:  11/13      EV: 13    Int: 19    God:
Gold:   157        SH:  0    Dex: 14    Spells: 6/13 levels left

rFire   . . .      SeeInvis .   (no weapon)
rCold   . . .      Faith    .   (no shield)
rNeg    . . .      Spirit   .   a - +0 robe
rPois   .          Reflect  .   (no helmet)
rElec   .          Harm     .   (no cloak)
rCorr   .          Rampage  .   (no gloves)
Will    .....                   (no boots)
Stlth   +.........              (no amulet)
HPRegen 0.15/turn               (no ring)
MPRegen 0.13/turn               (no ring)

@: glowing
A: sense surroundings 1, otherworldly, glowing, explore regen
a: no special abilities


You were on level 5 of the Dungeon.
You visited 1 branch of the dungeon, and saw 5 of its levels.

You collected 157 gold pieces.

Inventory:

Armour
 a - a +0 robe (worn)
Scrolls
 c - a scroll of magic mapping {unknown}
 e - a scroll of butterflies {unknown}
Potions
 d - 2 potions of flight


   Skills:
 + Level 0.1 Fighting
 + Level 3.1 Dodging
 - Level 1.4 Stealth
 + Level 4.1 Spellcasting
 + Level 4.9 Conjurations
 + Level 5.1 Fire Magic


You had 6 spell levels left.
You knew the following spells:

 Your Spells              Type           Power      Damage    Failure   Level
a - Foxfire               Conj/Fire      88%        2x1d8     1%          1
b - Scorch                Fire           46%        2d7       2%          2
c - Flame Wave            Conj/Fire      22%        2d8       17%         4

Your spell library contained the following spells:

 Spells                   Type           Power      Damage    Failure   Level
 Conjure Flame            Conj/Fire      22%        6-21      5%          3
 Inner Flame              Hex/Fire       13%        N/A       14%         3
 Gell's Gravitas          Tloc           3%         N/A       38%         3
 Lesser Beckoning         Tloc           3%         N/A       38%         3
 Teleport Other           Tloc           3%         N/A       38%         3
 Cause Fear               Hex            1%         N/A       80%         4
 Discord                  Hex            1%         N/A       100%        8


Dungeon Overview and Level Annotations

Branches:
Dungeon (5/15) Zot: 2106
 Temple: D:4-7

Altars:
Qazlal

Annotations:
D:5 Grinder


Innate Abilities, Weirdness & Mutations

You passively map a small area around you.
You are easily found by Zot.
You glow in the dark.
You regain HP and MP as you explore.


Message History

Casting: Scorch (safe; 2% risk of failure)
Confirm with . or Enter, or press ? or * to list all spells.
Flames lash Grinder.
Grinder is burned terribly!
Grinder is heavily wounded.
The howler monkey howls!
The howler monkey hoots and howls with incredible vigour!
Grinder hits you.
Casting: Scorch (safe; 2% risk of failure)
Confirm with . or Enter, or press ? or * to list all spells.
Flames lash Grinder.
Grinder is burned terribly!
Grinder is severely wounded.
Grinder hits you.
Unknown command.
An adder comes into view.
Grinder gestures at you. Pain shoots through your body!
The adder moves out of view.
Casting: Scorch (safe; 2% risk of failure)
Confirm with . or Enter, or press ? or * to list all spells.
You conjure some foxfire!
You closely miss Grinder.
Grinder is severely wounded.
The foxfire hits the adder.
The adder is heavily wounded.
The foxfire hits the adder!
You kill the adder!
Grinder hits you!
You writhe in agony.
* * * LOW HITPOINT WARNING * * *
The howler monkey hoots and howls with incredible vigour!
Your magical contamination has completely faded away.
Magic courses through your body. Grinder hits you!
* * * LOW HITPOINT WARNING * * *
Casting: Foxfire (safe; 1% risk of failure)
Confirm with . or Enter, or press ? or * to list all spells.
Flames lash the adder.
The adder is lightly wounded.
The adder's fire resistance burns away.
The howler monkey barely misses you. The adder barely misses you.
Grinder hits you.
* * * LOW HITPOINT WARNING * * *
You writhe in agony.
You die...

* , * , * .......#
, ,* * .......####
, * ,......... *
*, , .......# , *
.########.#....# ,
, ..........#....#
,
.###...##†#.)..#,
, *
.......5@h..)..# ,
, , **
...#!..#.S.)...#,
,,
,#...#...#.#.....S
, , , , ,
#...#...#.# .<...
, * , *
#...#...#.#, ....
#####...#.#, ... *
, , #...#.#,* .#
**####...#.. # , *
,~ ###...#.####*


You could see Grinder (combustible), a howler monkey (catching breath) and an
adder (combustible).

Vanquished Creatures
  A necrophage (D:4)
  An orc priest (D:2)
  3 orc wizards
  3 adders
  An ufetubus (D:4)
  2 worms (D:4)
  3 dart slugs
  7 orcs
  4 endoplasms
  2 giant cockroaches
  3 goblins
  3 hobgoblins
  A quokka (D:1)
  4 ball pythons
  3 bats (D:1)
  3 frilled lizards
  2 kobolds
  5 rats
51 creatures vanquished.

Vanquished Creatures (others)
  108 foxfires
108 creatures vanquished.

Grand Total: 159 creatures vanquished

Notes
Turn   | Place    | Note
-------+----------+-------------------------------------------
     0 | D:1      | hawla the Meteoran Fire Elementalist began the quest for
                  | the Orb.
     0 | D:1      | Reached XP level 1. HP: 14/14 MP: 5/5
    50 | D:1      | Reached XP level 2. HP: 20/20 MP: 3/6
    66 | D:1      | Learned a level 2 spell: Scorch
    69 | D:1      | Reached skill level 4 in Fire Magic
   164 | D:1      | Reached XP level 3. HP: 23/26 MP: 3/8
   260 | D:2      | Reached XP level 4. HP: 33/33 MP: 1/10
   291 | D:2      | Reached XP level 5. HP: 25/32 MP: 4/11
   296 | D:2      | Learned a level 4 spell: Flame Wave
   448 | D:4      | Noticed a necrophage
   453 | D:4      | Killed a necrophage
   454 | D:4      | Reached XP level 6. HP: 42/45 MP: 6/12
   537 | D:4      | Found a stormy altar of Qazlal.
   850 | D:5      | Entered Level 5 of the Dungeon
   879 | D:5      | Reached skill level 5 in Fire Magic
   881 | D:5      | Noticed Grinder
   892 | D:5      | HP: 1/45 [Grinder (4)]
   892 | D:5      | Slain by Grinder

Illustrated notes

Levels and vault maps discovered:
D:1:      wander_arrival_peaceful_grave, layout_loops_ring,
          shapermc_ecumenical_altar_mp_highgroup, supply_closet_lemuel
D:2:      layout_loops_ring, uniq_sigmund
D:3:      layout_loops_ring
D:4:      layout_cave_pools, mainiacjoe_overflow_24_doors
D:5:      layout_basic, nicolae_ru_path_of_blood, minivault_25, minivault_24,
          uniq_grinder

Skill      XL: |  1  2  3  4  5  6 |
---------------+-------------------+-----
Fire Magic     | 4 5 |  5.1
Spellcasting   | 3 4 |  4.1
Dodging        | 3 |  3.1
Conjurations   | 2 4 |  4.9
Fighting       | |  0.1
Stealth        | |  1.4

Action                   |  1- 3 |  4- 6 || total
-------------------------+-------+-------++-------
Melee: Unarmed           |    10 |     9 ||    19
 Cast: Foxfire           |    31 |    37 ||    68
       Scorch            |       |    14 ||    14
       Flame Wave        |       |     1 ||     1
  Use: Scroll            |     3 |       ||     3
       Potion            |       |     3 ||     3
Armor: Robe              |     6 |     7 ||    13
Dodge: Dodged            |    12 |    20 ||    32
